 Dungeon Crawl Stone Soup version 0.29-a0-1009-g60c99734e7 (webtiles) character file.

Game seed: 4677270827880884980

70 gelatine the Chopper (level 4, 0/33 HPs)
             Began as a Demonspawn Gladiator on Aug 8, 2022.
             Slain by a gnoll
             ... wielding a +0 halberd
              (1 damage)
             ... on level 3 of the Dungeon.
             The game lasted 00:05:04 (2564 turns).

gelatine the Chopper (Demonspawn Gladiator)         Turns: 2564, Time: 00:05:09

Health: 0/33       AC:  9    Str: 17    XL:     4   Next: 3%
Magic:  4/4        EV: 10    Int: 11    God:
Gold:   127        SH:  3    Dex: 14    Spells: 3/3 levels left

rFire   . . .      SeeInvis .   a - +0 war axe
rCold   . . .      Faith    .   f - +0 buckler
rNeg    . . .      Spirit   .   t - +0 scale mail
rPois   .          Reflect  .   c - +0 helmet
rElec   .          Harm     .   q - +0 cloak
rCorr   .          Rampage  .   p - +0 pair of gloves
Will    .....                   (no boots)
Stlth   ..........              (no amulet)
HPRegen 0.11/turn               (no ring)
MPRegen 0.09/turn               (no ring)

@: no status effects
A: big brain 1, demonic touch 2
a: no special abilities


You were on level 3 of the Dungeon.
You visited 1 branch of the dungeon, and saw 3 of its levels.

You collected 160 gold pieces.
You spent 33 gold pieces at shops.

Inventory:

Hand Weapons
 a - a +0 war axe (weapon)
Missiles
 d - 4 throwing nets (quivered)
 e - a javelin
 g - 5 boomerangs
Armour
 c - a +0 helmet (worn)
 f - a +0 buckler (worn)
 p - a +0 pair of gloves (worn)
 q - a +0 cloak (worn)
 t - a +0 scale mail (worn)
Scrolls
 i - a scroll of torment {unknown}
 k - a scroll of brand weapon {unknown}
 m - a scroll of poison {unknown}
 o - 2 scrolls of teleportation
 s - a scroll of vulnerability {unknown}
 u - a scroll of blinking {unknown}
 v - a scroll of immolation {unknown}
 w - a scroll of enchant weapon {unknown}
Potions
 h - 5 potions of curing
 l - a potion of heal wounds
 n - 3 potions of attraction {unknown}
 r - a potion of resistance


   Skills:
 + Level 2.1 Fighting
 + Level 3.5 Axes
 + Level 1.9 Throwing
 + Level 1.0 Armour
 + Level 3.3 Dodging


You had 3 spell levels left.
You didn't know any spells.
Your spell library contained the following spells:

 Spells                   Type           Power      Damage    Failure   Level
 Beastly Appendage        Tmut           0%         N/A       86%         1
 Wereblood                Tmut           0%         N/A       95%         2
 Ozocubu's Armour         Ice            0%         N/A       99%         3
 Spider Form              Tmut/Pois      0%         N/A       99%         3
 Metabolic Englaciation   Hex/Ice        0%         N/A       100%        5
 Simulacrum               Ice/Necr       0%         N/A       100%        6


Dungeon Overview and Level Annotations

Branches:
Dungeon (3/15)

Altars:
Okawaru

Shops:
D:3 !


Innate Abilities, Weirdness & Mutations

You have an unusually large brain. (Int +2)
Your touch may inflict irresistible damage on your foes.


Message History

The ball python constricts you.
You slash the ball python!
You kill the ball python!
There is an open door, spattered with blood here.
Things that are here:
a ball python corpse; a quokka corpse
There is an open door, spattered with blood here.
Things that are here:
a ball python corpse; a quokka corpse
There is an open door here.
You open the door.
There is an open door here.
There is an open door here.
You open the door.
There is an open door here.
A gnoll comes into view. It is wielding a +0 flail.
Found a stone staircase leading up.
The gnoll moves out of view. 2 gnolls come into view.
The gnoll shouts!
A gnoll comes into view. It is wielding a +0 halberd.
The gnoll shouts!
The gnoll hits you with a +0 flail!
You hit the gnoll.
The gnoll is moderately wounded.
You closely miss the gnoll. The gnoll barely misses you.
The gnoll hits you with a +0 whip.
The gnoll hits you from afar with a +0 halberd!
You hit the gnoll.
The gnoll is severely wounded.
You hit the gnoll but do no damage. The gnoll closely misses you.
The gnoll barely misses you.
The gnoll hits you from afar with a +0 halberd.
You hit the gnoll.
The gnoll is severely wounded.
You slash the gnoll! The gnoll hits you with a +0 whip.
* * * LOW HITPOINT WARNING * * *
The gnoll hits you with a +0 flail.
* * * LOW HITPOINT WARNING * * *
The gnoll hits you from afar with a +0 halberd.
You die...

#.#
#.#'#####.......#
#)#
#.#.....#.#######
#.# #.#########
#.# #.# #.# #.#
### #.#.# #.#
...# #.#.# #.#
#.#.# #.#.#
#.##g...## #.#.#
#..@gg.<.# #.#.#
########## #.#.#
#.#.# ...)# #.#.#
#.### #.# #.#


You could see 3 gnolls.

Vanquished Creatures
  A gnoll (D:2)
  2 adders (D:2)
  A worm (D:2)
  3 orcs (D:3)
  3 ball pythons
  4 bats
  2 endoplasms
  3 giant cockroaches
  4 goblins
  2 hobgoblins (D:2)
  A quokka (D:3)
  A frilled lizard (D:3)
  4 kobolds
  4 rats
35 creatures vanquished.

Notes
Turn   | Place    | Note
-------+----------+-------------------------------------------
     0 | D:1      | gelatine the Demonspawn Gladiator began the quest for the
                  | Orb.
     0 | D:1      | Reached XP level 1. HP: 16/16 MP: 1/1
   710 | D:2      | Gained mutation: You have an unusually large brain. (Int
                  | +2) [demonic ancestry]
   710 | D:2      | Reached XP level 2. HP: 22/22 MP: 2/2
   765 | D:2      | Found a faded altar of an unknown god.
  1046 | D:2      | Gained mutation: Your touch may inflict minor irresistible
                  | damage on your foes. [demonic ancestry]
  1046 | D:2      | Reached XP level 3. HP: 25/27 MP: 3/3
  1728 | D:3      | Reached skill level 1 in Armour
  1782 | D:3      | Found an iron altar of Okawaru.
  2132 | D:3      | Found Ruwk's Distillery.
  2226 | D:3      | Bought a potion of curing for 33 gold pieces
  2447 | D:3      | Gained mutation: Your touch may inflict irresistible damage
                  | on your foes. [demonic ancestry]
  2447 | D:3      | Reached XP level 4. HP: 31/33 MP: 4/4
  2564 | D:3      | HP: 1/33 [gnoll/+0 flail (3)]
  2564 | D:3      | Slain by a gnoll

Illustrated notes

Levels and vault maps discovered:
D:1:      dpeg_arrival_refuge, layout_basic
D:2:      layout_rooms, ebering_ecumenical_altar_sacrificial,
          minmay_fractal_squares_gapless_5
D:3:      layout_basic, mainiacjoe_overflow_six_doors_small, serial_shops, shop,
          corner_web_ring

Skill      XL: |  1  2  3 |
---------------+----------+-----
Axes           | 3 |  3.5
Dodging        | 3 |  3.3
Armour         | 1 |  1.0
Fighting       | |  2.1
Throwing       | |  1.9

Action                   |  1- 3 |  4- 6 || total
-------------------------+-------+-------++-------
Melee: War axe           |    91 |     6 ||    97
       Touch             |     6 |       ||     6
  Use: Scroll            |     3 |       ||     3
Armor: Leather armour    |     9 |       ||     9
       Ring mail         |    39 |       ||    39
       Scale mail        |     8 |     2 ||    10
Dodge: Dodged            |    62 |     3 ||    65
Block: Buckler           |     4 |       ||     4

Table legend: (Time is in decaauts)
 A = Elapsed time spent in this place.
 B = Non-inter-level travel time spent in this place.
 C = Inter-level travel time spent in this place.
 D = Time resting spent in this place.
 E = Time spent auto-exploring this place.
 F = Levels seen in this place.
 G = Mean time per level.
                   A        B        C        D        E       F      G
               +--------+--------+--------+--------+--------+-----+--------+
         Total |   2596 |   2501 |     95 |      0 |   2067 |   3 |  865.3 |
       Dungeon |   2596 |   2501 |     95 |      0 |   2067 |   3 |  865.3 |
               +--------+--------+--------+--------+--------+-----+--------+

Top non-repeatable levels by time:
     D:2: 1051 daAuts
     D:3: 865 daAuts
     D:1: 679 daAuts
